 Dungeon Crawl Stone Soup version 0.22-a0-373-gab1296c (webtiles) character file.

63 ohad the Slasher (level 3, 0/27 HPs)
             Began as a Demonspawn Gladiator on Apr 25, 2018.
             Slain by a gnoll
             ... wielding a +0 whip
              (7 damage)
             ... on level 2 of the Dungeon.
             The game lasted 00:01:48 (831 turns).

ohad the Slasher (Demonspawn Gladiator)              Turns: 831, Time: 00:01:48

Health: 0/27       AC:  6    Str: 14    XL:     3   Next: 87%
Magic:  3/3        EV: 11    Int:  9    God:
Gold:   42         SH:  0    Dex: 15    Spells: 2/2 levels left

rFire    . . .     SeeInvis .   a - +0 long sword
rCold    . . .     Gourm    .   (no shield)
rNeg     . . .     Faith    .   k - +0 ring mail
rPois    .         Spirit   .   c - +0 helmet
rElec    .         Reflect  .   (no cloak)
rCorr    .         Harm     .   (no gloves)
MR       .....                  (no boots)
Stlth    +.........             (no amulet)
HPRegen  0.09/turn              (no ring)
MPRegen  0.08/turn              (no ring)

@: no status effects
A: talons 1
a: no special abilities


You were on level 2 of the Dungeon.
You were not hungry.

You visited 1 branch of the dungeon, and saw 2 of its levels.

You collected 42 gold pieces.

Inventory:

Hand Weapons
 a - a +0 long sword (weapon)
Missiles
 d - 3 throwing nets (quivered)
Armour
 b - a +0 leather armour
 c - a +0 helmet (worn)
 k - a +0 ring mail (worn)
Scrolls
 e - a scroll of enchant armour {unknown}
 h - a scroll of fear {unknown}
 j - a scroll of fog {unknown}
Potions
 i - 2 potions of brilliance {unknown}
Comestibles
 f - 6 rations
 g - 2 chunks of flesh


   Skills:
 - Level 2.0 Fighting
 + Level 4.4 Long Blades
 - Level 1.7 Throwing
 - Level 2.6 Dodging


You had 2 spell levels left.
You didn't know any spells.

Dungeon Overview and Level Annotations

Branches:
Dungeon (2/15)

Altars:

Annotations:
D:2 1 runed door


Innate Abilities, Weirdness & Mutations

You have sharp toenails.


Message History

Things that are here:
a whip; a club; a gnoll corpse You hit the gnoll but do no damage.
You claw the gnoll.
The gnoll is heavily wounded.
The gnoll closely misses you.
You hit the gnoll.
The gnoll is almost dead.
The gnoll hits you with a halberd!
You barely miss the gnoll.
The gnoll is almost dead.
The gnoll hits you with a halberd!
* * * LOW HITPOINT WARNING * * *
You completely miss the gnoll.
The gnoll is almost dead.
The gnoll barely misses you.
You hit the gnoll.
You kill the gnoll!
You hit the gnoll but do no damage. You claw the gnoll, but do no damage.
The gnoll hits you with a whip!
You die...

... #.# #.# #.#.# #.#.#
#.#.# ###.#.#
#.#.#<#.#.#
##.#.#@#.#.#
#....#g#.#.##########♣♣
#.........<........+..♣
#....#.#.#.######......
##.#.#.#.#.# ##.....
#.#.#.#.#.#######.+...
#>..).........)...##♣♣
#.#.#.#.#.######### #
#.#.#.#.#


You could see a gnoll.

Vanquished Creatures
  3 gnolls (D:2)
  3 giant cockroaches (D:1)
  A goblin (D:2)
  3 hobgoblins (D:1)
  4 jackals (D:1)
  5 bats
  2 frilled lizards (D:1)
  5 kobolds
  7 rats (D:1)
33 creatures vanquished.

Notes
Turn   | Place    | Note
-------+----------+-------------------------------------------
     0 | D:1      | ohad the Demonspawn Gladiator began the quest for the Orb.
     0 | D:1      | Reached XP level 1. HP: 16/16 MP: 1/1
   262 | D:1      | Reached skill level 3 in Long Blades
   369 | D:1      | Gained mutation: You have sharp toenails. [demonic ancestry]
   369 | D:1      | Reached XP level 2. HP: 20/22 MP: 2/2
   640 | D:1      | Reached XP level 3. HP: 27/27 MP: 3/3
   779 | D:2      | Found a runed door.
   823 | D:2      | Reached skill level 4 in Long Blades
   831 | D:2      | Slain by a gnoll

Vault maps used:
D:1:      wheals_arrival_linesprint
D:2:      nicolae_overflow_hidden_temple, uniq_natasha, uniq_crazy_yiuf_cottage,
          uniq_terence

Skill      XL: |  1  2  3 |
---------------+----------+-----
Long Blades    | 3 4 |  4.4
Fighting       | |  2.0
Throwing       | |  1.7
Dodging        | |  2.6

Action                   || total
-------------------------++-------
Melee: Long sword        ||    83
       Kick              ||    17
Armor: Leather armour    ||    22
       Ring mail         ||     1
Dodge: Dodged            ||    65
       Rpst.: Long sword ||    24

Table legend:
 A = Spawn XP
 B = Non-spawn XP
 C = Spawn XP percentage of total XP
 D = Spawn monster count
 E = Non-spawn monster count
 F = Spawn count percentage of total count
 G = Total turns spent on level
                    A         B        C        D         E        F      G
               +---------+---------+-------+---------+---------+-------+---------
         Total |       0 |      90 |   0.0 |       0 |      33 |   0.0 |   831
               +---------+---------+-------+---------+---------+-------+---------
           D:1 |       0 |      41 |   0.0 |       0 |      27 |   0.0 |   745
           D:2 |       0 |      49 |   0.0 |       0 |       6 |   0.0 |    86
               +---------+---------+-------+---------+---------+-------+---------
